AoeStats
← Wint

Team Islands

503246800Analyzed
3v3 RM · 1mo ago on Aug 30, 2026· 67m 27s· 6 players
Game mode
Random Map
Map size
Large (8 player)
Population
200
Speed
Normal
Resources
Standard
Victory
Conquest
Starting age
Dark Age
Ending age
Imperial Age
RankedLock teamsTeams togetherTeam positionsShared explorationLock speedFull tech treeHidden civsTurbo modeCheats
Victory
Defeat
🇷🇺 Bulgarians · Russia
1039
+11
🇩🇪 Burgundians · Germany
992
+32
🇹🇷 Turks · Türkiye
930
+16
🇩🇪 Spanish · Germany
958
-15
🇩🇪 Portuguese · Germany
943
-14
🇩🇪 Italians · Germany
882
-11
ManU
4:40 Wheelbarrow
12:33 Feudal Age
12:48 Double-Bit Axe
13:42 Bow Saw
13:50 Horse Collar
15:30 Heavy Plow
17:49 Gold Mining
20:01 Hand Cart
27:31 Castle Age
25:29 Fishing Lines
27:36 Scale Barding Armor
27:32 Scale Mail Armor
27:42 Forging
27:23 Fletching
27:33 Padded Archer Armor
28:28 Gold Shaft Mining
27:44 Stone Mining
30:45 Crop Rotation
30:53 Stone Shaft Mining
31:48 Two-Man Saw
31:16 Chain Barding Armor
31:11 Chain Mail Armor
31:32 Iron Casting
30:52 Bodkin Arrow
31:13 Leather Archer Armor
32:05 Burgundian Vineyards
34:57 Elite Skirmisher
38:24 Imperial Age
42:24 Elite Coustillier
47:04 Conscription
47:59 Plate Barding Armor
47:54 Plate Mail Armor
48:25 Blast Furnace
47:28 Bracer
HealingFortress
13:45 Feudal Age
15:19 Double-Bit Axe
19:33 Arson
24:55 Castle Age
22:51 Horse Collar
25:25 Scale Mail Armor
25:00 Pikeman
28:52 Chain Mail Armor
29:48 Squires
30:00 Loom
30:25 Heavy Plow
30:19 Town Watch
31:38 Gambesons
32:38 Forging
37:43 Wheelbarrow
41:51 Hand Cart
46:02 Imperial Age
45:08 Iron Casting
46:33 Town Patrol
47:07 Masonry
49:55 Plate Mail Armor
50:26 Blast Furnace
49:17 Fletching
53:51 Bagains
54:12 Conscription
61:13 Scale Barding Armor
64:30 Bloodlines
64:20 Husbandry
64:46 Chain Barding Armor
66:32 Elite Konnik
67:43 Stirrups
yusufthegreat
0:30 Loom
12:41 Feudal Age
14:14 Wheelbarrow
18:16 Castle Age
18:39 Double-Bit Axe
18:43 Horse Collar
19:35 Hand Cart
32:54 Imperial Age
33:22 Bow Saw
33:13 Heavy Plow
35:56 Artillery
36:16 Conscription
38:28 Fletching
38:38 Padded Archer Armor
38:49 Forging
38:44 Scale Barding Armor
38:58 Bloodlines
38:48 Husbandry
38:29 Elite Janissary
39:32 Ballistics
41:00 Iron Casting
40:46 Chain Barding Armor
40:21 Bodkin Arrow
40:41 Leather Archer Armor
43:31 Blast Furnace
43:06 Plate Barding Armor
42:32 Bracer
43:02 Ring Archer Armor
42:56 Stone Mining
football-roman
0:42 Loom
13:37 Feudal Age
14:53 Wheelbarrow
14:07 Double-Bit Axe
14:08 Fishing Lines
15:39 Town Watch
21:21 Castle Age
21:34 Fletching
21:45 Padded Archer Armor
21:56 Forging
22:31 Hand Cart
22:30 Bow Saw
22:13 Gold Mining
22:03 Demolition Ship
22:55 Medium Warships
23:18 Gillnets
25:22 Stone Mining
26:35 Bodkin Arrow
26:55 Leather Archer Armor
36:08 Imperial Age
35:30 Ballistics
35:07 Murder Holes
34:42 Crossbowman
36:21 Stone Shaft Mining
36:46 Masonry
38:47 Chemistry
37:52 Bracer
38:46 Arbalester
40:11 Conscription
42:00 Elite Skirmisher
47:12 Ring Archer Armor
Wint
0:33 Loom
12:38 Feudal Age
14:17 Wheelbarrow
13:38 Double-Bit Axe
14:21 Fishing Lines
20:27 Castle Age
18:13 Town Watch
18:32 Fletching
20:53 Bloodlines
21:12 Husbandry
20:53 Demolition Ship
21:24 Gillnets
21:45 Gold Mining
22:05 Stone Mining
24:11 Medium Warships
25:31 Bodkin Arrow
28:53 Elite Skirmisher
31:02 Hand Cart
30:31 Pikeman
31:11 Squires
30:57 Arson
37:46 Murder Holes
42:24 Imperial Age
43:42 Imperial Age
41:19 Town Patrol
44:09 Halberdier
46:21 Cavalier
Chrisaefer
16:53 Feudal Age
17:20 Double-Bit Axe
18:31 Wheelbarrow
21:11 Castle Age
19:22 Scale Mail Armor
19:38 Forging
19:49 Fishing Lines
22:47 Iron Casting
23:22 Husbandry
23:40 Scale Mail Armor
24:02 Bow Saw
24:36 Hand Cart
29:40 Gold Mining
29:45 Stone Mining
31:06 Scale Barding Armor
31:02 Gillnets
32:03 Chain Barding Armor
32:47 Medium Warships
33:16 Chain Mail Armor
36:46 Imperial Age
37:48 Conscription
40:04 Plate Barding Armor
39:59 Plate Mail Armor
40:20 Pikeman
40:37 Elite Organ Gun
40:54 Halberdier
43:02 Blast Furnace
43:09 Arquebus
54:35 Bloodlines
54:32 Light Cavalry
61:22 Two-Man Saw
Connection lost

Rejoining the realm…

Still unreachable

The connection could not be restored.

Session expired

The server has moved on; the page needs a fresh start.